Selects Armored Support Battlegroup
Kradschützen Motorcycle Team
Construct Light Support Kompanie
Kradschützen Motorcycle Team
Selects Superior Fire Drills
Construct Mechanized Kompanie
Panzerjäger Mechanized Group
Selects Flammpanzer III Medium Tank
Marder III Tank Destroyer
Selects Command Panzer IV F Medium Tank
Command Panzer IV F Medium Tank
Selects Vehicle Awareness
Flammpanzer III Medium Tank
Marder III Tank Destroyer
Selects Stuka Anti-tank Loiter